[Event "Titled Tuesday Blitz July 18 Late 2023"]
[White "robertoalejandro10"]
[Black "Jorajuria Mendoza, Algol"]
[BlackFideId "5128897"]
[WhiteElo "2572"]
[BlackElo "2431"]
[Result "1-0"]
[Round "6"]
[TimeControl "180+2"]
[Date "2023.07.18"]
[WhiteClock "0:01:12"]
[BlackClock "0:00:04"]
[Board "68"]

1. Nf3 d5 2. b3 c5 3. Bb2 Nc6 4. g3 Bg4 5. Bg2 e6 6. d3 Nf6 7. Nbd2 Be7 8. O-O O-O 9. Re1 Qc7 10. e4 dxe4 11. Nxe4 Nxe4 12. Rxe4 Bf5 13. Re1 Rac8 14. Qd2 Qd8 15. h4 Bf6 16. Ne5 Nxe5 17. Bxe5 b6 18. a4 Bxe5 19. Rxe5 Qd4 20. Rae1 Rfd8 21. Qe2 h6 22. Re3 a6 23. Be4 Bxe4 24. Rxe4 Qd5 25. Re5 Qd4 26. Qf3 b5 27. axb5 axb5 28. R5e4 Qd5 29. Qe3 Ra8 30. Re5 Qd4 31. Rxc5 Ra1 32. Rxa1 Qxa1+ 33. Kg2 b4 34. Rc4 Rb8 35. Qf4 Rb5 36. Qe4 Rf5 37. Rc8+ 1-0


[Site "https://www.chess.com"]

[Event "Titled Tuesday Blitz July 18 Late 2023"]
[White "Mazurkiewicz, Michal"]
[Black "Gascon Del Nogal, Jose Rafael"]
[WhiteFideId "1124943"]
[BlackFideId "3902463"]
[WhiteElo "2426"]
[BlackElo "2562"]
[Result "0-1"]
[Round "6"]
[TimeControl "180+2"]
[Date "2023.07.18"]
[WhiteClock "0:00:00"]
[BlackClock "0:00:18"]
[Board "69"]

1. e4 c5 2. Nf3 d6 3. g3 Bg4 4. h3 Bxf3 5. Qxf3 Nc6 6. c3 g6 7. Bg2 Bg7 8. d3 Nf6 9. Be3 O-O 10. O-O Nd7 11. Qd1 Qb6 12. Qd2 Rab8 13. a4 a6 14. Na3 Rfc8 15. Nc4 Qc7 16. a5 b5 17. axb6 Nxb6 18. Rxa6 Nxc4 19. dxc4 Qb7 20. Ra2 Ne5 21. Qe2 Qb3 22. Ra7 Nxc4 23. Rxe7 Nxb2 24. Bf4 Nc4 25. h4 h5 26. Bh3 Re8 27. Rxe8+ Rxe8 28. Qd3 Be5 29. Bg5 Nb2 30. Qa6 Qxc3 31. Rc1 Qd3 32. Qb5 Qxb5 0-1


[Site "https://www.chess.com"]

[Event "Titled Tuesday Blitz July 18 Late 2023"]
[White "Ilyuchyk, Yana"]
[Black "Altman, Joshua"]
[WhiteFideId "13508407"]
[BlackFideId "426210"]
[WhiteElo "2420"]
[BlackElo "2557"]
[Result "0-1"]
[Round "6"]
[TimeControl "180+2"]
[Date "2023.07.18"]
[WhiteClock "0:01:20"]
[BlackClock "0:01:01"]
[Board "70"]

1. e4 Nc6 2. Nf3 d6 3. d4 Nf6 4. Nc3 g6 5. h3 Bg7 6. Be3 O-O 7. Qd2 e5 8. d5 Ne7 9. g4 c6 10. O-O-O cxd5 11. exd5 Bd7 12. Bg5 Qa5 13. Kb1 Qc7 14. Bxf6 Bxf6 15. Ne4 Bg7 16. g5 Bf5 17. Nc3 b5 18. Bxb5 Rab8 19. Bd3 e4 20. Bxe4 Bxc3 0-1


[Site "https://www.chess.com"]

[Event "Titled Tuesday Blitz July 18 Late 2023"]
[White "whiteglovethief"]
[Black "Musovic, Armin"]
[BlackFideId "939935"]
[WhiteElo "2412"]
[BlackElo "2556"]
[Result "1-0"]
[Round "6"]
[TimeControl "180+2"]
[Date "2023.07.18"]
[WhiteClock "0:00:39"]
[BlackClock "0:00:11"]
[Board "71"]

1. d4 d5 2. c4 c5 3. dxc5 e6 4. cxd5 Bxc5 5. Nc3 Nf6 6. dxe6 Qxd1+ 7. Nxd1 Bxe6 8. Nf3 Nc6 9. a3 O-O-O 10. e3 Ne4 11. Be2 Kb8 12. Nd2 Nxd2 13. Bxd2 Bd5 14. Nc3 Bxg2 15. Rg1 Bh3 16. Rxg7 Be6 17. Ne4 Be7 18. Bc3 Rhg8 19. Rd1 Rde8 20. Bf3 Bb3 21. Rc1 f5 22. Rxg8 Bxg8 23. Nf6 Bxf6 24. Bxf6 Ne5 25. Bxe5+ Rxe5 26. Kd2 Re7 27. Rg1 Be6 28. Rg5 Kc7 29. Rh5 Kd6 30. Bd1 Ke5 31. Ba4 b5 32. Bxb5 Rb7 33. a4 a6 34. Bxa6 Rxb2+ 35. Ke1 Bb3 36. Bd3 Be6 37. a5 Ra2 38. f4+ Kd6 39. a6 Kc5 40. Bxf5 Bxf5 41. Rxf5+ Kc4 42. Rf6 Kd3 43. Re6 h5 44. h4 Re2+ 45. Kf1 Rh2 46. a7 Ra2 47. Re7 Kc4 48. f5 Kd5 49. f6 Kd6 50. e4 Kc6 51. f7 Ra1+ 52. Kf2 Ra2+ 53. Kf3 Ra3+ 54. Kf4 Ra1 55. Kg5 Rg1+ 56. Kh6 Rf1 57. a8=Q+ Kc5 58. f8=Q Rf6+ 59. Qxf6 1-0


[Site "https://www.chess.com"]

[Event "Titled Tuesday Blitz July 18 Late 2023"]
[White "Pham, Le Thao Nguyen"]
[Black "Villarreal, Agustin"]
[WhiteFideId "12401226"]
[BlackFideId "125687"]
[WhiteElo "2555"]
[BlackElo "2408"]
[Result "1-0"]
[Round "6"]
[TimeControl "180+2"]
[Date "2023.07.18"]
[WhiteClock "0:00:43"]
[BlackClock "0:01:08"]
[Board "72"]

1. d4 d5 2. c4 e6 3. Nf3 Nf6 4. Nc3 Be7 5. Bf4 O-O 6. e3 c6 7. Qc2 b6 8. cxd5 exd5 9. Bd3 h6 10. O-O Be6 11. Ne5 c5 12. Rad1 c4 13. Bf5 Qc8 14. Bxe6 Qxe6 15. b3 Rc8 16. bxc4 dxc4 17. d5 Qd6 18. Nxf7 Qa3 19. Ne5 Na6 20. d6 Bxd6 21. Nb5 Nb4 22. Qf5 Qxa2 23. Nxd6 Rf8 24. Bxh6 g6 25. Qxg6+ 1-0


[Site "https://www.chess.com"]

[Event "Titled Tuesday Blitz July 18 Late 2023"]
[White "Gerbelli Neto, Eduardo"]
[Black "Przybylski, Wojciech"]
[WhiteFideId "2103281"]
[BlackFideId "1117599"]
[WhiteElo "2389"]
[BlackElo "2553"]
[Result "0-1"]
[Round "6"]
[TimeControl "180+2"]
[Date "2023.07.18"]
[WhiteClock "0:00:00"]
[BlackClock "0:00:17"]
[Board "73"]

1. e4 c5 2. Nc3 e6 3. f4 d5 4. Nf3 d4 5. Bb5+ Bd7 6. Bxd7+ Qxd7 7. Ne5 Qd8 8. Ne2 f6 9. Nf3 Nc6 10. d3 Bd6 11. O-O Nge7 12. c3 Qd7 13. Kh1 e5 14. fxe5 Bxe5 15. Nf4 Bxf4 16. Bxf4 O-O 17. c4 Ng6 18. Bg3 Rae8 19. a3 f5 20. exf5 Rxf5 21. Qd2 Ref8 22. Kg1 h6 23. b4 b6 24. bxc5 bxc5 25. Rab1 Nd8 26. Rb8 Ne6 27. Rxf8+ Rxf8 28. Ne5 Rxf1+ 29. Kxf1 Nxe5 30. Bxe5 Qf7+ 31. Kg1 Qf5 32. Bg3 Qg4 33. Qe1 Kf7 34. h3 Qh5 35. Qe4 Qd1+ 36. Kh2 Qf1 37. Qb7+ Kf6 38. Qe4 Qf5 39. Bd6 Qxe4 40. dxe4 d3 0-1


[Site "https://www.chess.com"]

[Event "Titled Tuesday Blitz July 18 Late 2023"]
[White "Diano, Eden"]
[Black "Shapiro, Daniel"]
[WhiteFideId "5203708"]
[BlackFideId "2001780"]
[WhiteElo "2548"]
[BlackElo "2376"]
[Result "1-0"]
[Round "6"]
[TimeControl "180+2"]
[Date "2023.07.18"]
[WhiteClock "0:01:54"]
[BlackClock "0:00:41"]
[Board "74"]

1. d4 Nf6 2. c4 e6 3. a3 b6 4. Nc3 d5 5. Bg5 Be7 6. Nf3 Bb7 7. e3 Nbd7 8. cxd5 exd5 9. Bb5 c6 10. Bd3 O-O 11. Qc2 a5 12. Ne5 h6 13. Bxf6 Bxf6 14. Nxd7 Qxd7 15. O-O Ba6 16. Bxa6 Rxa6 17. Rac1 Raa8 18. Na4 b5 19. Nb6 1-0


[Site "https://www.chess.com"]

[Event "Titled Tuesday Blitz July 18 Late 2023"]
[White "Real_taiatai"]
[Black "Petesch, Gabriel"]
[BlackFideId "2032465"]
[WhiteElo "2349"]
[BlackElo "2548"]
[Result "0-1"]
[Round "6"]
[TimeControl "180+2"]
[Date "2023.07.18"]
[WhiteClock "0:00:08"]
[BlackClock "0:00:08"]
[Board "75"]

1. d4 c5 2. c4 cxd4 3. Qxd4 Nc6 4. Qd1 g6 5. e3 Bg7 6. Ne2 d6 7. Nbc3 Nf6 8. g3 Ne5 9. Bg2 Bg4 10. h3 Bf3 11. Bxf3 Nxf3+ 12. Kf1 O-O 13. b3 d5 14. cxd5 Nxd5 15. Bb2 Rc8 16. Rc1 Nb4 17. Kg2 Nd3 18. Ba1 e5 19. Rc2 Rc6 20. Rf1 Qd7 21. Kxf3 Qxh3 22. Qxd3 Qxf1 23. Nf4 Qh1+ 24. Ng2 Qh5+ 25. g4 Qh3+ 26. Ke2 Qxg2 27. Ne4 Rxc2+ 28. Qxc2 Qxg4+ 29. f3 Qg2+ 30. Nf2 h5 31. Qc7 h4 32. Bxe5 Bxe5 33. Qxe5 h3 34. Qe4 h2 35. Qh4 Kg7 36. Qd4+ f6 37. Qd7+ Rf7 38. Qd1 Re7 39. e4 g5 40. Ke3 Qg3 41. Qh1 Qg1 42. Ke2 f5 43. Kd3 fxe4+ 44. fxe4 g4 45. e5 Qxf2 46. Qd5 Qf3+ 47. Qxf3 gxf3 0-1


[Site "https://www.chess.com"]

[Event "Titled Tuesday Blitz July 18 Late 2023"]
[White "Vujacic, Igor"]
[Black "Rangel, Daniel"]
[WhiteFideId "932620"]
[BlackFideId "2124475"]
[WhiteElo "2324"]
[BlackElo "2536"]
[Result "1-0"]
[Round "6"]
[TimeControl "180+2"]
[Date "2023.07.18"]
[WhiteClock "0:00:04"]
[BlackClock "0:00:09"]
[Board "76"]

1. d4 Nf6 2. Bf4 g6 3. Nc3 Bg7 4. e4 d5 5. e5 Ne4 6. Nce2 f6 7. f3 fxe5 8. dxe5 Nc5 9. Nd4 Ne6 10. Nxe6 Bxe6 11. h4 c5 12. h5 Nc6 13. hxg6 hxg6 14. Rxh8+ Bxh8 15. Qd3 Bf5 16. Qb3 Nd4 17. Qxb7 Nxc2+ 18. Kd2 Nxa1 19. g4 Be6 20. Bd3 Kf7 21. Nh3 Qc8 22. Ng5+ Kg8 23. Qxc8+ Bxc8 24. Bxg6 e6 25. Kc1 Bd7 26. Kb1 Rf8 27. Bg3 Bg7 28. f4 Bh6 29. Nh3 Kg7 30. Bd3 Kh8 31. Kxa1 c4 32. Bg6 Rg8 33. Bh5 Bf8 34. Kb1 Be7 35. Kc2 Be8 36. Bxe8 Rxe8 37. f5 Rg8 38. f6 Bf8 39. g5 Kh7 40. Kd2 Kg6 41. Ke3 Kf5 42. Kf3 d4 43. Bf2 d3 44. Be3 Kxe5 45. Nf4 Rxg5 46. Nxd3+ Kxf6 47. Bxg5+ Kxg5 48. Ne5 Bg7 49. Nxc4 Kf5 50. b3 e5 51. Nd2 e4+ 52. Nxe4 Ke5 53. Ke3 Bh6+ 54. Kd3 Kd5 55. b4 Kc6 56. Kc4 Bf8 57. a4 Kb7 58. Nc3 a6 59. Ne4 Be7 60. Nd2 Bf8 61. Nb1 Kc6 62. Nc3 Kb7 63. Nd5 Bg7 64. Nf4 Bh8 65. Ne6 Bf6 66. Nc5+ Ka7 67. Kd5 Bh8 68. Kc6 Bc3 69. b5 axb5 70. axb5 Ba5 71. Ne6 Kb8 72. Nc5 Bd8 73. Nd7+ Kc8 74. Nb6+ Kb8 75. Nc4 Bh4 76. Ne3 Bf2 77. Nd5 Bg1 78. Ne7 Ka8 79. Nc8 Kb8 80. Nb6 Ka7 81. Na4 Kb8 82. Nc5 Bf2 83. Nd7+ Ka7 84. Ne5 Bg1 85. Kd5 Kb8 86. Kc4 Ka7 87. Nc6+ Kb6 88. Nb4 Bf2 89. Nd5+ Kb7 90. Kb4 Bg1 91. Nc3 Bf2 92. Ne4 Be1+ 93. Kc5 Bh4 94. b6 Be7+ 95. Kb5 Bd8 96. Nc5+ Kb8 97. b7 Ka7 98. Kc6 Bg5 99. Ne6 Bh4 100. Nc7 Bg3 101. Nb5+ Kb8 102. Kb6 Bf2+ 103. Ka6 Bg3 104. Na7 Bf4 105. Nc6+ Kc7 106. b8=Q+ Kxc6 107. Qxf4 Kd5 108. Kb5 Ke6 109. Kc6 Ke7 110. Qd6+ Kf7 111. Kd5 Kg7 112. Qe6 Kh7 113. Qg4 Kh6 114. Ke6 Kh7 115. Kf7 Kh6 116. Qh4# 1-0


[Site "https://www.chess.com"]

[Event "Titled Tuesday Blitz July 18 Late 2023"]
[White "StarkyNZ"]
[Black "Zhang, Derek"]
[BlackFideId "2087871"]
[WhiteElo "2317"]
[BlackElo "2534"]
[Result "0-1"]
[Round "6"]
[TimeControl "180+2"]
[Date "2023.07.18"]
[WhiteClock "0:00:00"]
[BlackClock "0:00:03"]
[Board "77"]

1. c4 d6 2. Nc3 e5 3. g3 f5 4. Bg2 Nf6 5. e3 g6 6. Nge2 Bg7 7. d4 e4 8. h4 O-O 9. Nf4 Qe7 10. Rb1 a5 11. a3 c6 12. b4 axb4 13. axb4 Nbd7 14. b5 c5 15. Ncd5 Nxd5 16. Nxd5 Qf7 17. Bb2 cxd4 18. exd4 Nf6 19. Nb6 Rb8 20. Ba3 Rd8 21. O-O Bf8 22. Qc1 Nd7 23. Nd5 Nf6 24. Nb6 Nd7 25. Nd5 b6 26. Rd1 Nf6 27. Nf4 Bd7 28. Bf1 Rdc8 29. Qb2 Ra8 30. Bb4 h6 31. Ra1 g5 32. hxg5 hxg5 33. Nh3 Qg6 34. Rxa8 Rxa8 35. Ra1 Rxa1 36. Qxa1 f4 37. Qa8 fxg3 38. Bxd6 gxf2+ 39. Nxf2 Qe8 40. Qxe8 Bxe8 41. Be5 Be7 42. c5 bxc5 43. dxc5 e3 44. Nh3 Ng4 45. Bd4 Kf7 46. Bc4+ Kg6 47. c6 Bd6 48. Bd3+ Kh5 49. Be2 Kh4 50. Kg2 Be5 51. Bxe5 Nxe5 52. c7 Bd7 53. Ng1 g4 54. b6 Bc8 55. Bxg4 Kxg4 56. Ne2 Bb7+ 57. Kf1 Nd7 58. Nd4 Nxb6 59. Ne6 Kf3 60. Ng5+ Kf4 61. Nf7 Ba6+ 62. Ke1 Nd5 63. Nd6 Nxc7 0-1


[Site "https://www.chess.com"]

[Event "Titled Tuesday Blitz July 18 Late 2023"]
[White "SicilianPanzer"]
[Black "ArtemDyachuk"]
[WhiteElo "2300"]
[BlackElo "2533"]
[Result "0-1"]
[Round "6"]
[TimeControl "180+2"]
[Date "2023.07.18"]
[WhiteClock "0:00:03"]
[BlackClock "0:01:42"]
[Board "78"]

1. e4 c6 2. Nf3 d5 3. Nc3 Nf6 4. e5 Ne4 5. Ne2 e6 6. d3 Nc5 7. Ng3 Be7 8. Be2 O-O 9. h4 f6 10. exf6 Bxf6 11. d4 Ne4 12. Nxe4 dxe4 13. Ng5 Bxd4 14. Nxe4 Qa5+ 15. c3 Bb6 16. O-O Qd5 17. Qc2 Nd7 18. Bg5 h6 19. Rad1 Qf5 20. Be7 Rf7 21. Ba3 Ne5 22. Rd2 Ng6 23. Nd6 Bxf2+ 24. Kh1 Qf4 25. g4 Qg3 26. Rd3 Qxh4+ 27. Kg2 Nf4+ 28. Kf3 Qh3+ 29. Ke4 Nxd3 30. Nxf7 Qg2+ 31. Kxd3 Qd5# 0-1


[Site "https://www.chess.com"]

[Event "Titled Tuesday Blitz July 18 Late 2023"]
[White "Rustemov, Alexander"]
[Black "CatLivesMatter"]
[WhiteFideId "4119002"]
[WhiteElo "2848"]
[BlackElo "2487"]
[Result "0-1"]
[Round "6"]
[TimeControl "180+2"]
[Date "2023.07.18"]
[WhiteClock "0:00:00"]
[BlackClock "0:00:36"]
[Board "79"]

1. d4 Nf6 2. Bg5 Ne4 3. Bf4 d6 4. Nd2 Nf6 5. e4 g6 6. Ngf3 Bg7 7. h3 O-O 8. c3 Nbd7 9. Be2 c6 10. O-O e5 11. dxe5 dxe5 12. Nxe5 Nxe4 13. Nxd7 Re8 14. Nxe4 Rxe4 15. Nb8 Qe8 16. Bg3 Rxe2 17. Re1 Rxe1+ 18. Qxe1 Qxe1+ 19. Rxe1 Be6 20. Rd1 Bf6 21. a4 Be7 22. a5 a6 23. Bc7 Kf8 24. Nd7+ Bxd7 25. Rxd7 Ke8 26. Rd2 Bd8 27. Bb6 Bxb6 28. axb6 Rd8 29. Re2+ Kd7 30. g3 c5 31. c4 Kc6 32. Re7 Rd7 33. Re8 Kxb6 34. Kg2 Ka5 35. Re3 b5 36. cxb5 axb5 37. g4 Kb4 38. g5 c4 39. h4 Ka4 40. Rf3 b4 41. Kf1 c3 42. bxc3 b3 43. Rf4+ Ka3 44. Rb4 Re7 45. Rb8 b2 46. c4 Rc7 47. Ke2 Rxc4 48. Kd2 Rb4 49. Rxb4 Kxb4 50. Kc2 Ka3 51. Kb1 Kb3 52. f4 Kc3 53. h5 gxh5 54. f5 h4 55. g6 hxg6 56. fxg6 fxg6 0-1


[Site "https://www.chess.com"]

[Event "Titled Tuesday Blitz July 18 Late 2023"]
[White "Shuvalova, Polina"]
[Black "JERO-8914"]
[WhiteFideId "24171760"]
[WhiteElo "2655"]
[BlackElo "2483"]
[Result "0-1"]
[Round "6"]
[TimeControl "180+2"]
[Date "2023.07.18"]
[WhiteClock "0:00:05"]
[BlackClock "0:00:27"]
[Board "80"]

1. f4 d5 2. Nf3 Bf5 3. g3 e6 4. Bg2 c5 5. O-O Nc6 6. d3 Nf6 7. Nbd2 d4 8. Nc4 Be7 9. a4 O-O 10. e4 dxe3 11. Bxe3 Rc8 12. Kh1 b6 13. Bg1 Nd4 14. Nfe5 b5 15. axb5 Nxb5 16. Nc6 Qe8 17. N4e5 h6 18. Ra5 Nd4 19. Rxa7 Nxc6 20. Nxc6 Rxc6 21. Rxe7 Qxe7 22. Bxc6 Rb8 23. b3 Nd5 24. Qf3 Qd6 25. Ba4 Nc3 26. Bc6 Nd5 27. Bxd5 exd5 28. g4 Bd7 29. d4 c4 30. f5 cxb3 31. cxb3 Qb6 32. Rb1 Qf6 33. h3 h5 34. Bh2 Rc8 35. Be5 hxg4 36. Qxg4 Qh6 37. Rg1 f6 38. Bf4 Qh7 39. Qg2 Bxf5 40. Qxd5+ Kh8 41. Rg3 Be4+ 0-1


[Site "https://www.chess.com"]

[Event "Titled Tuesday Blitz July 18 Late 2023"]
[White "Bjelobrk, Igor"]
[Black "Jovic, Stanoje"]
[WhiteFideId "4300726"]
[BlackFideId "905020"]
[WhiteElo "2651"]
[BlackElo "2479"]
[Result "1-0"]
[Round "6"]
[TimeControl "180+2"]
[Date "2023.07.18"]
[WhiteClock "0:00:17"]
[BlackClock "0:00:00"]
[Board "81"]

1. d4 Nf6 2. c4 e6 3. g3 d5 4. Bg2 Nc6 5. Nf3 dxc4 6. O-O b5 7. e3 Rb8 8. b3 cxb3 9. Qxb3 Be7 10. Bd2 O-O 11. Rc1 Bd7 12. Be1 a5 13. Nbd2 a4 14. Qd1 Nb4 15. Ne5 Nfd5 16. Ne4 f6 17. Nd3 Nxd3 18. Qxd3 b4 19. Nc5 Bxc5 20. Rxc5 b3 21. axb3 Rxb3 22. Qc2 Qb8 23. Qc1 Rc8 24. Ba5 Nb6 25. e4 Kf7 26. h4 g6 27. h5 g5 28. h6 Qa7 29. e5 Rb5 30. Bxb6 Rxb6 31. exf6 Rd6 32. Rxg5 Qxd4 33. Rg7+ Kf8 34. f7 Qf6 35. Ra3 c5 36. Rf3 Qxg7 37. hxg7+ Kxg7 38. Qg5+ Kf8 39. Qg8+ Ke7 40. f8=Q+ 1-0


[Site "https://www.chess.com"]

[Event "Titled Tuesday Blitz July 18 Late 2023"]
[White "szachmistrz2500"]
[Black "Schnaider, Ilan"]
[BlackFideId "169013"]
[WhiteElo "2478"]
[BlackElo "2645"]
[Result "0-1"]
[Round "6"]
[TimeControl "180+2"]
[Date "2023.07.18"]
[WhiteClock "0:00:00"]
[BlackClock "0:00:02"]
[Board "82"]

1. e4 d5 2. exd5 Qxd5 3. Nc3 Qd8 4. d4 Nf6 5. Nf3 g6 6. h3 Bg7 7. Bc4 O-O 8. O-O c6 9. Qe2 a5 10. a4 e6 11. Bg5 h6 12. Bh4 Nbd7 13. Rfe1 g5 14. Bg3 Nd5 15. Ne4 N7f6 16. Be5 Nxe4 17. Qxe4 f6 18. Bh2 f5 19. Qe2 Qb6 20. c3 Kh8 21. Be5 Nf6 22. Bxf6 Bxf6 23. Bxe6 Re8 24. Qc4 Kg7 25. b3 Qc7 26. Bxc8 Raxc8 27. Re6 Qf7 28. Rae1 b5 29. axb5 cxb5 30. Qd5 Rxe6 31. Rxe6 Re8 32. Rd6 Qxd5 33. Rxd5 b4 34. Rxa5 bxc3 35. Rc5 g4 36. hxg4 fxg4 37. Ne5 Rd8 38. Rxc3 Rxd4 39. Rc7+ Kg8 40. Nc4 Rd1+ 41. Kh2 Rd3 42. Rb7 h5 43. Rb5 h4 44. Rf5 Kg7 45. Ne3 g3+ 46. Kg1 Rxb3 47. Nf1 Bd4 0-1


[Site "https://www.chess.com"]

[Event "Titled Tuesday Blitz July 18 Late 2023"]
[White "Ovchinnikov, Vsevolod"]
[Black "Marra, Eduardo da Costa"]
[WhiteFideId "24176842"]
[BlackFideId "2106990"]
[WhiteElo "2622"]
[BlackElo "2448"]
[Result "1-0"]
[Round "6"]
[TimeControl "180+2"]
[Date "2023.07.18"]
[WhiteClock "0:00:05"]
[BlackClock "0:00:35"]
[Board "83"]

1. d4 Nf6 2. c4 g6 3. Nc3 Bg7 4. e4 d6 5. Nf3 O-O 6. h3 Nbd7 7. Be3 e5 8. d5 a5 9. g4 Nc5 10. Nd2 c6 11. a3 cxd5 12. cxd5 Bd7 13. b4 axb4 14. axb4 Na6 15. Rb1 h5 16. g5 Nh7 17. Rg1 Qc8 18. Rc1 Nxb4 19. Nc4 Qb8 20. Nb6 Bc8 21. Nxa8 Qxa8 22. Qa4 Na6 23. Qa3 Rd8 24. Nb5 Bf8 25. h4 Qb8 26. f3 Nc5 27. Be2 Bd7 28. Rb1 Qc8 29. Kd2 Bxb5 30. Rxb5 Qh3 31. Rbb1 Rc8 32. Rh1 Qd7 33. Rhc1 Qh3 34. Rh1 Qd7 35. Bb5 Qd8 36. Rhc1 f6 37. Rg1 fxg5 38. hxg5 Be7 39. Rg2 Kg7 40. Rbg1 Nf8 41. Rb1 Nfd7 42. Bxd7 Qxd7 43. Bxc5 Rxc5 44. Re2 Qc7 45. Kd1 Bxg5 46. Qb2 Kh6 47. Rg2 Bf4 48. Rc2 b6 49. Rxc5 bxc5 50. Ke2 Qe7 51. Rg1 Qh4 52. Kd3 Qh3 53. Qg2 Qxg2 54. Rxg2 h4 55. Ra2 h3 56. Ke2 Kh5 57. Kf2 Kh4 58. Ra8 Bg3+ 59. Kg1 Kg5 60. Rf8 Kh5 61. Kh1 Kg5 62. Rf7 h2 63. Kg2 Kh5 64. Rh7+ Kg5 65. Kxg3 h1=Q 66. Rxh1 Kf6 67. Rc1 1-0


[Site "https://www.chess.com"]

[Event "Titled Tuesday Blitz July 18 Late 2023"]
[White "Velasco, Santiago"]
[Black "Seyhanoglu, Deniz"]
[WhiteFideId "4401328"]
[BlackFideId "6302572"]
[WhiteElo "2573"]
[BlackElo "2426"]
[Result "1-0"]
[Round "6"]
[TimeControl "180+2"]
[Date "2023.07.18"]
[WhiteClock "0:00:55"]
[BlackClock "0:00:00"]
[Board "84"]

1. d4 d5 2. Nf3 Nf6 3. Bg5 Nbd7 4. Nbd2 c6 5. c3 Qb6 6. Qb3 Qxb3 7. axb3 a6 8. e3 h6 9. Bh4 g5 10. Bg3 Bg7 11. b4 Nh5 12. Bc7 O-O 13. h4 g4 14. Ng1 e5 15. Ne2 exd4 16. Nxd4 Ne5 17. Be2 Bd7 18. N2b3 Rac8 19. Bd6 Rfe8 20. Nc5 b6 21. Bxe5 bxc5 22. Bxg7 Nxg7 23. bxc5 f5 24. Rxa6 f4 25. Kd2 fxe3+ 26. fxe3 Nf5 27. Bxg4 Re5 28. Bxf5 Bxf5 29. g4 Bxg4 30. Rg1 h5 31. Nxc6 Re6 32. Nb4 1-0


[Site "https://www.chess.com"]

[Event "Titled Tuesday Blitz July 18 Late 2023"]
[White "Jimenez Almeida, Luis David"]
[Black "Rosenberg, Evan S"]
[WhiteFideId "22242244"]
[BlackFideId "2019299"]
[WhiteElo "2568"]
[BlackElo "2415"]
[Result "1-0"]
[Round "6"]
[TimeControl "180+2"]
[Date "2023.07.18"]
[WhiteClock "0:00:03"]
[BlackClock "0:00:00"]
[Board "85"]

1. e4 c5 2. Nc3 g6 3. g3 Bg7 4. Bg2 Nc6 5. d3 d6 6. Be3 Nf6 7. h3 O-O 8. Qd2 Nd4 9. Nge2 e5 10. a4 Rb8 11. Nc1 b6 12. Nd1 a6 13. c3 Ne6 14. Ne2 d5 15. Bh6 dxe4 16. Bxg7 Kxg7 17. dxe4 Qxd2+ 18. Kxd2 Bb7 19. Ke3 c4 20. f4 Nc5 21. Nf2 Rfe8 22. fxe5 Rxe5 23. Kd4 Rbe8 24. Kxc4 Nfxe4 25. Nxe4 Nxe4 26. Kb4 Nc5 27. Bxb7 Rxe2 28. Bd5 Rxb2+ 29. Ka3 Ree2 30. Rhf1 f5 31. Rae1 a5 32. g4 Rbd2 33. Rxe2 Rxe2 34. gxf5 gxf5 35. Rxf5 Re3 36. Rf3 Rxf3 37. Bxf3 Kf6 38. h4 h6 39. h5 Ke5 40. Bd1 Kd5 41. Kb2 Nd3+ 42. Kc2 Nf4 43. Kd2 Kc4 44. Kc2 Nd5 45. Be2+ Kc5 46. Kb3 Nf4 47. Bf3 Nd3 48. Bg4 Ne5 49. Bf5 Nc4 50. Bg6 Nd2+ 51. Kc2 Nf3 52. Be8 Ne5 53. Kb3 Ng4 54. Kc2 Nf6 55. Bg6 Nd5 56. Kb3 Nf4 57. Be8 Ne2 58. Kc2 Nf4 59. Kd2 Nd5 60. Kd3 Nc7 61. Bg6 b5 62. axb5 Nxb5 63. c4 Nd6 64. Kc3 Nxc4 65. Bf7 Ne5 66. Bg8 Nc6 67. Kd2 Kb4 68. Ke3 a4 69. Kf4 1-0


[Site "https://www.chess.com"]

[Event "Titled Tuesday Blitz July 18 Late 2023"]
[White "Zenin, Dmitry"]
[Black "Vovk, Orest"]
[WhiteFideId "4127897"]
[BlackFideId "14113490"]
[WhiteElo "2418"]
[BlackElo "2562"]
[Result "0-1"]
[Round "6"]
[TimeControl "180+2"]
[Date "2023.07.18"]
[WhiteClock "0:00:24"]
[BlackClock "0:00:35"]
[Board "86"]

1. d4 h6 2. c4 g5 3. h4 g4 4. h5 Bg7 5. e4 c5 6. dxc5 Qa5+ 7. Bd2 Qxc5 8. Bc3 Bxc3+ 9. Nxc3 d6 10. Nge2 Nf6 11. Ng3 Nc6 12. Qd2 Qd4 13. O-O-O Qxd2+ 14. Rxd2 Ne5 15. Be2 Be6 16. b3 a6 17. Kb2 O-O-O 18. Rc1 Kb8 19. Na4 Ka7 20. Rcd1 Nc6 21. Nc3 b6 22. Nd5 Bxd5 23. exd5 Ne5 24. Re1 Rhg8 25. Bd1 Rg5 26. Rh1 b5 27. cxb5 axb5 28. Bc2 Rc8 29. Rd4 Kb6 30. a3 Rc5 31. Ne4 Nxe4 32. Bxe4 f5 33. Bc2 Nd7 34. b4 Rc4 35. Rxc4 bxc4 36. Kc3 Ne5 37. g3 Rg8 38. a4 Rf8 39. a5+ Kb5 40. Ra1 f4 41. Ba4+ Ka6 42. Bd1 fxg3 43. fxg3 Rf2 44. Rb1 Kb5 45. Ra1 Nd3 46. a6 Nxb4 47. a7 Nxd5+ 48. Kd4 Nc7 49. a8=Q Nxa8 50. Rxa8 Rd2+ 0-1


[Site "https://www.chess.com"]

[Event "Titled Tuesday Blitz July 18 Late 2023"]
[White "Hajiyev, Kanan"]
[Black "Bueno, Alfeu Junior Varela"]
[WhiteFideId "13404148"]
[BlackFideId "2108879"]
[WhiteElo "2549"]
[BlackElo "2409"]
[Result "1-0"]
[Round "6"]
[TimeControl "180+2"]
[Date "2023.07.18"]
[WhiteClock "0:00:14"]
[BlackClock "0:00:00"]
[Board "87"]

1. d4 e6 2. Nf3 f5 3. c4 b6 4. g3 Bb7 5. Bg2 Nf6 6. Nh4 Bxg2 7. Nxg2 Bb4+ 8. Bd2 Qe7 9. O-O O-O 10. Bg5 Qf7 11. Bxf6 Qxf6 12. a3 Be7 13. Nc3 d6 14. e4 Nd7 15. exf5 Qxf5 16. Qe2 Bf6 17. Rad1 Rae8 18. f4 c5 19. Nb5 Bxd4+ 20. Kh1 Qh3 21. Nxd6 Re7 22. Nb5 Nf6 23. Nxd4 cxd4 24. Rxd4 e5 25. fxe5 Rfe8 26. Rd5 Nxd5 27. cxd5 Rxe5 28. Qf3 Qd7 29. Nf4 g5 30. Nh5 Qe7 31. Nf6+ Kg7 32. Nxe8+ Qxe8 33. Qf6+ Kg8 34. d6 Qc6+ 35. Kg1 Qc5+ 36. Kg2 Qd5+ 37. Kh3 Qe6+ 38. Qxe6+ Rxe6 39. Rd1 Re8 40. d7 Rd8 41. Kg4 h6 42. Kh5 Kg7 43. b4 b5 44. g4 Kh7 45. Rd6 Kg7 46. Rg6+ Kf7 47. Rxh6 1-0


[Site "https://www.chess.com"]

[Event "Titled Tuesday Blitz July 18 Late 2023"]
[White "Tikhonov, Viacheslav"]
[Black "Silva Lucena, Cristian"]
[WhiteFideId "44196407"]
[BlackFideId "2232588"]
[WhiteElo "2541"]
[BlackElo "2399"]
[Result "0-1"]
[Round "6"]
[TimeControl "180+2"]
[Date "2023.07.18"]
[WhiteClock "0:00:02"]
[BlackClock "0:00:13"]
[Board "88"]

1. e4 c5 2. Nf3 d6 3. Nc3 e6 4. d4 cxd4 5. Nxd4 Nf6 6. g4 h6 7. Rg1 Nc6 8. h4 d5 9. Nxc6 bxc6 10. g5 hxg5 11. hxg5 Nxe4 12. Nxe4 dxe4 13. Qxd8+ Kxd8 14. Bg2 f5 15. gxf6 gxf6 16. Bxe4 Kc7 17. Bd2 Rb8 18. Ba5+ Kb7 19. O-O-O Rh5 20. Bc3 e5 21. Rg6 Rh6 22. Rg8 Be6 23. Rgg1 Bc5 24. Rg7+ Kb6 25. a4 Bxf2 26. b4 f5 27. Bd3 a5 28. Bxe5 Rc8 29. Bd6 Be3+ 30. Kb1 axb4 31. Bxb4 c5 32. Be1 c4 33. Be2 Kc5 34. Bf3 Rb8+ 35. Bb7 Bd4 36. c3 Bxg7 37. Bf2+ Bd4 38. Rxd4 Rxb7+ 39. Kc1 Kc6 40. Bg3 Bd5 41. Bf4 Rh1+ 42. Kc2 Be4+ 43. Kd2 Rb2+ 44. Ke3 Re1# 0-1


[Site "https://www.chess.com"]

[Event "Titled Tuesday Blitz July 18 Late 2023"]
[White "Schekachikhin, Maksim"]
[Black "Kanyamarala, Trisha"]
[WhiteFideId "24177830"]
[BlackFideId "45004722"]
[WhiteElo "2534"]
[BlackElo "2370"]
[Result "1-0"]
[Round "6"]
[TimeControl "180+2"]
[Date "2023.07.18"]
[WhiteClock "0:01:14"]
[BlackClock "0:01:39"]
[Board "89"]

1. d4 Nf6 2. c4 e6 3. Nc3 Bb4 4. Qc2 b6 5. e4 Bb7 6. Bd3 d5 7. cxd5 exd5 8. e5 Ne4 9. Ne2 c5 10. O-O cxd4 11. Nxe4 dxe4 12. Bxe4 Bxe4 13. Qxe4 Nd7 14. Nxd4 O-O 15. Nc6 Qc7 16. Nxb4 Nc5 17. Nd5 Qd7 18. Qf3 Rad8 19. Nc3 Rfe8 20. Bf4 Nd3 21. Rad1 Qd4 22. Bg5 Rd7 23. Qg3 Qc4 24. Bf6 g6 25. Qh3 1-0


[Site "https://www.chess.com"]